 Dungeon Crawl Stone Soup version 0.21-a0-538-gd16b88a (webtiles) character file.

18906 KristoblXynda the Carver (level 12, -1/95 HPs)
             Began as a Green Draconian Gladiator on Dec 16, 2017.
             Was a Priest of Ashenzari.
             Slain by Rupert
             ... wielding a +1 battleaxe of chopping
              (25 damage)
             ... on level 12 of the Dungeon.
             The game lasted 00:40:40 (12948 turns).

KristoblXynda the Carver (DrGl)                    Turns: 12948, Time: 00:40:41

Health: -1/95      AC: 16    Str: 21    XL:     12   Next: 31%
Magic:  17/17      EV: 18    Int: 13    God:    Ashenzari [***...]
Gold:   72         SH:  0    Dex: 14    Spells: 11/11 levels left

rFire    . . .     SeeInvis +   a - +1 long sword (slice)
rCold    . . .     Gourm    .   (no shield)
rNeg     . . .     Faith    .   (armour unavailable)
rPois    +         Spirit   .   b - +2 hat (curse)
rElec    .         Reflect  .   (no cloak)
rCorr    .         Harm     .   p - +3 pair of gauntlets of War {Slay+5} (curse)
MR       .....                  (no boots)
Stlth    ++++......             x - amulet of regeneration (curse)
HPRegen  0.65/turn              v - +2 ring of protection (curse)
MPRegen  0.15/turn              u - +3 ring of intelligence

@: lethally poisoned (-1 -> -1)
A: breathe noxious fumes, unfitting armour, antennae 1, poison resistance,
strong 1, cold-blooded, AC +8
a: Breathe Noxious Fumes, Curse Item, Scrying, Renounce Religion


You were on level 12 of the Dungeon.
You worshipped Ashenzari.
Ashenzari was most pleased with you.
You were not hungry.

You visited 2 branches of the dungeon, and saw 13 of its levels.
You also visited: Sewer.

You collected 697 gold pieces.
You spent 625 gold pieces at shops.

Inventory:

Hand Weapons
 a - a +1 long sword of slicing (weapon)
 A - a +0 falchion of holy wrath
Missiles
 c - 3 throwing nets (quivered)
 G - 5 javelins
Armour
 b - a cursed +2 hat (worn)
 p - the cursed +3 pair of gauntlets of War (worn) {Slay+5}
   (You bought it in a shop on level 6 of the Dungeon)

   It affects your accuracy and damage with ranged weapons and melee attacks
   (+5).
   It has a curse placed upon it.
Jewellery
 u - a +3 ring of intelligence (right hand)
 v - a cursed +2 ring of protection (left hand)
 x - a cursed amulet of regeneration (around neck)
Wands
 q - a wand of disintegration (12)
 w - a wand of flame (5)
Scrolls
 h - 4 scrolls of amnesia
 j - 9 scrolls of teleportation
 l - 2 scrolls of remove curse
 t - 4 scrolls of magic mapping
 y - a scroll of fog
 C - a scroll of enchant armour
 D - 5 scrolls of blinking
Potions
 f - 2 potions of agility
 g - a potion of invisibility {unknown}
 k - 2 potions of magic
 m - 6 potions of curing
 o - a potion of cancellation {unknown}
 r - 5 potions of brilliance
 z - 2 potions of mutation
 E - a potion of might
Books
 n - a book of Power

   Spells                             Type                      Level
   a - Iskenderun's Battlesphere      Conjuration/Charms           5
   b - Venom Bolt                     Conjuration/Poison           5
   c - Bolt of Magma                  Conjuration/Fire/Earth       5
   d - Iron Shot                      Conjuration/Earth            6
   e - Orb of Destruction             Conjuration                  7
   f - Spellforged Servitor           Conjuration/Summoning        7
Miscellaneous
 e - a crystal ball of energy
Comestibles
 d - 9 bread rations
 i - 4 meat rations
 s - 12 royal jellies
 B - a chunk of flesh
 F - a fruit


   Skills:
 + Level 5.7 Fighting
 + Level 12.1 Long Blades
 - Level 3.2 Throwing
 + Level 9.0 Dodging
 - Level 10.4 Stealth
 - Level 7.4(9.4) Evocations


You had 11 spell levels left.
You didn't know any spells.

Dungeon Overview and Level Annotations

Branches:
Dungeon (12/15)            Temple (1/1) D:6            Lair (0/6) D:11
    Orc (0/2) D:10

Altars:
Ashenzari
Cheibriados
Dithmenos
Elyvilon
Fedhas
Gozag
Hepliaklqana
Kikubaaqudgha
Makhleb
Nemelex Xobeh
Okawaru
Qazlal
Ru
Sif Muna
Trog
Uskayaw
Vehumet
Wu Jian
Xom
Yredelemnul
Zin
The Shining One

Shops:
D:6 =?[   D:11 (

Annotations:
D:12 Azrael, Rupert


Innate Abilities, Weirdness & Mutations

You can breathe blasts of noxious fumes.
Your lurid green scales are hard. (AC +8)
You cannot fit into any form of body armour.
Your system is resistant to poisons. (rPois)
You are cold-blooded and may be slowed by cold attacks.
You have a pair of small antennae on your head.
Your muscles are strong. (Str +2)


Message History

You strike the helpless Rupert from behind!
You slash Rupert! You tail-slap Rupert.
Rupert is severely wounded.
You feel sick.
Rupert seems less confused.
Azrael howls in rage.
Rupert looks excited.
Rupert roars madly and goes into a rage!
Rupert goes berserk!
You have got your breath back.
You hear a bark!
You feel sick. Azrael gestures at you.
The fireball explodes!
The fireball engulfs you!
You see here a scroll of teleportation.
j - 9 scrolls of teleportation (gained 1) Rupert hits you with a battleaxe of chopping!!
* * * LOW HITPOINT WARNING * * *
x2 You hear the faint crackling of a melting archway.
Rupert hits you with a battleaxe of chopping!!
You die...

.....§.......####### ,
.(....§............#*
.......§...........# ,
..........§§.......# ,
.........§§§R......# ,
...........†.§.....# ,
†.............E....#
...............Z...#
*,
...........(†..@@..# ,
.............†...[.#
**
#########....†.....#,*
# #########....* * *
##### * ∩, * ** * ,
,,* , , * , * * ,


You could see Rupert (berserk), Azrael, a fire elemental and a bullfrog
skeleton.

Vanquished Creatures
  Gastronok (D:10)
  Snorg (D:11)
  5 two-headed ogres (D:9)
  The ghost of Lanoc the Carver, a novice OpMo of Ru (D:8)
  2 unseen horrors
  2 manticores
  A cyclops (D:9)
  Psyche (D:10)
  4 trolls
  Prince Ribbit (D:8)
  2 hornets
  A hippogriff (D:8)
  Sigmund (D:4)
  11 yaks
  A hungry ghost (D:11)
  3 steam dragons (D:8)
  2 wargs (D:11)
  Edmund (D:4)
  4 orc warriors
  2 ice beasts
  A sky beast (D:5)
  4 phantoms
  The ghost of Lanoc the Covered, an amateur GnWn (D:3)
  5 ogres
  5 centaurs
  A crocodile (D:9)
  6 big kobolds
  2 gnoll sergeants (D:10)
  6 bullfrogs
  2 scorpions
  2 wyvern skeletons
  24 killer bees
  9 wights
  2 howler monkeys
  5 crimson imps
  A bullfrog zombie (D:5)
  A quasit (D:9)
  4 jellies
  11 orc priests
  7 hounds
  14 orc wizards
  4 bullfrog skeletons
  An iguana (D:12)
  Ijyb (D:3)
  9 worker ants
  3 hound skeletons
  Robin (D:3)
  9 gnolls
  16 adders
  5 river rats
  3 shadow imps
  6 oozes
  2 adder skeletons
  2 dart slugs (D:1)
  6 leopard geckos
  42 orcs
  8 giant cockroaches
  24 goblins
  8 hobgoblins
  12 jackals
  7 kobolds
  5 quokkas
  11 ball pythons (Sewer)
  6 bats
  13 frilled lizards
  A jackal skeleton (D:7)
  A quokka skeleton (D:8)
  A quokka zombie (D:8)
  39 rats
  2 fungi (D:1)
408 creatures vanquished.

Vanquished Creatures (collateral kills)
  A killer bee (D:8)
1 creature vanquished.

Vanquished Creatures (others)
  3 plants (D:11)
3 creatures vanquished.

Grand Total: 412 creatures vanquished

Notes
Turn   | Place    | Note
-------+----------+-------------------------------------------
     0 | D:1      | KristoblXynda the Draconian Gladiator began the quest for the Orb.
     0 | D:1      | Reached XP level 1. HP: 17/17 MP: 1/1
   188 | D:1      | Reached XP level 2. HP: 20/24 MP: 2/2
   780 | D:2      | Reached XP level 3. HP: 27/29 MP: 3/3
  1314 | D:2      | Reached XP level 4. HP: 32/36 MP: 4/4
  1337 | D:2      | Found a glowing silver altar of Zin.
  1337 | D:2      | Noticed an angel
  1338 | D:2      | Found a burning altar of Makhleb.
  1338 | D:2      | Noticed a balrug
  1456 | D:3      | Noticed Lanoc's ghost (amateur GnWn)
  1481 | D:3      | Killed Lanoc's ghost
  1481 | D:3      | Reached skill level 4 in Long Blades
  1481 | D:3      | Reached XP level 5. HP: 26/41 MP: 5/5
  1682 | D:3      | Found a radiant altar of Vehumet.
  1880 | D:3      | Noticed Ijyb
  1914 | D:3      | Killed Ijyb
  1914 | D:3      | Reached skill level 1 in Stealth
  2151 | D:3      | Noticed Robin
  2254 | D:3      | Killed Robin
  2254 | D:3      | Reached XP level 6. HP: 24/48 MP: 6/6
  2976 | D:4      | Reached skill level 5 in Long Blades
  3589 | D:4      | Your scales start taking on a lurid green colour.
  3589 | D:4      | Reached XP level 7. HP: 29/55 MP: 7/7
  3589 | D:4      | Gained mutation: Your system is resistant to poisons. (rPois) [Green Draconian growth]
  3858 | D:4      | Noticed Edmund
  3866 | D:4      | Reached skill level 5 in Dodging
  3874 | D:4      | Noticed Sigmund
  3896 | D:4      | Killed Edmund
  3900 | D:4      | Killed Sigmund
  3900 | D:4      | Reached skill level 6 in Long Blades
  4272 | D:5      | Entered Level 5 of the Dungeon
  4288 | D:5      | Reached XP level 8. HP: 57/61 MP: 8/8
  4687 | D:5      | Found a blossoming altar of Fedhas.
  4863 | D:5      | Reached skill level 5 in Stealth
  4968 | D:5      | Found a shattered altar of Ashenzari.
  4971 | D:5      | Found a snail-covered altar of Cheibriados.
  4971 | D:5      | Noticed a hornet
  4987 | D:5      | Found a sacrificial altar of Ru.
  4998 | D:5      | Killed a hornet
  4998 | D:5      | Reached skill level 7 in Long Blades
  4998 | D:5      | Reached skill level 1 in Evocations
  5003 | D:5      | Became a worshipper of Ashenzari the Shackled
  5131 | D:6      | Found Waneufow's Magic Scroll Boutique.
  5135 | D:6      | Bought a scroll of identify for 22 gold pieces
  5135 | D:6      | Bought a scroll of remove curse for 33 gold pieces
  5315 | D:6      | Found Koirghiph's Armour Boutique.
  5392 | D:6      | Found a glowing drain.
  5396 | Sewer    | Entered a sewer
  5764 | Sewer    | Reached XP level 9. HP: 66/67 MP: 10/10
  6434 | D:6      | Found Nigi Vau's Jewellery Shoppe.
  6511 | D:6      | Found a staircase to the Ecumenical Temple.
  6521 | Temple   | Entered the Ecumenical Temple
  6600 | Temple   | Reached * piety under Ashenzari
  7175 | D:7      | Reached skill level 8 in Long Blades
  7650 | D:7      | Found a hazy altar of Hepliaklqana.
  7839 | D:8      | Noticed Lanoc's ghost (novice OpMo)
  7854 | D:8      | Gained mutation: Scrolls take you a little longer to read. [potion of mutation]
  7854 | D:8      | Gained mutation: Your natural rate of healing is unusually fast. [potion of mutation]
  7854 | D:8      | Gained mutation: You have sharp toenails. [potion of mutation]
  7946 | D:8      | Lost mutation: You have sharp toenails. [potion of mutation]
  7946 | D:8      | Lost mutation: Your natural rate of healing is unusually fast. [potion of mutation]
  7946 | D:8      | Lost mutation: Scrolls take you a little longer to read. [potion of mutation]
  7946 | D:8      | Gained mutation: You have a pair of small antennae on your head. [potion of mutation]
  7946 | D:8      | Gained mutation: Your muscles are strong. (Str +2) [potion of mutation]
  7977 | D:8      | Killed Lanoc's ghost
  7977 | D:8      | Reached skill level 5 in Evocations
  7992 | D:8      | Reached XP level 10. HP: 52/73 MP: 12/14
  8020 | D:8      | Reached skill level 9 in Long Blades
  8239 | D:8      | Found a shadowy altar of Dithmenos.
  8325 | D:8      | Noticed Prince Ribbit
  8332 | D:8      | Killed Prince Ribbit
  8892 | D:9      | Noticed a cyclops
  8920 | D:9      | Killed a cyclops
  9027 | D:9      | Noticed a two-headed ogre
  9089 | D:9      | Reached ** piety under Ashenzari
  9211 | D:9      | Noticed a two-headed ogre
  9244 | D:9      | Killed a two-headed ogre
  9345 | D:9      | Reached skill level 10 in Long Blades
  9351 | D:9      | Noticed a two-headed ogre
  9557 | D:9      | Noticed a two-headed ogre
  9569 | D:9      | Killed a two-headed ogre
  9688 | D:9      | Killed a two-headed ogre
  9688 | D:9      | Reached XP level 11. HP: 43/79 MP: 16/16
  9921 | D:9      | Noticed a two-headed ogre
  9934 | D:9      | Killed a two-headed ogre
 10335 | D:9      | Killed a two-headed ogre
 10609 | D:10     | Entered Level 10 of the Dungeon
 10889 | D:10     | Noticed Gastronok
 10933 | D:10     | Killed Gastronok
 10933 | D:10     | Reached skill level 11 in Long Blades
 10933 | D:10     | Reached skill level 10 in Stealth
 11319 | D:6      | Bought the +3 pair of gauntlets of War {Slay+5} for 570 gold pieces
 11319 | D:6      | Found the +3 pair of gauntlets of War {Slay+5}
 11497 | D:10     | Noticed Psyche
 11513 | D:10     | Killed Psyche
 11634 | D:10     | Found a staircase to the Orcish Mines.
 11796 | D:10     | Killed an unseen horror
 12070 | D:11     | Reached XP level 12. HP: 57/91 MP: 17/17
 12144 | D:11     | Noticed Snorg
 12292 | D:11     | Killed Snorg
 12294 | D:11     | HP: 4/92 [warg (16)]
 12421 | D:11     | Found a staircase to the Lair.
 12540 | D:11     | Reached skill level 5 in Fighting
 12685 | D:11     | Found Erghon's Antique Weapon Shop.
 12731 | D:11     | Reached skill level 12 in Long Blades
 12927 | D:12     | Reached *** piety under Ashenzari
 12932 | D:12     | Noticed Rupert
 12933 | D:12     | Paralysed by Rupert for 6 turns
 12940 | D:12     | Noticed Azrael
 12948 | D:12     | Slain by Rupert

Vault maps used:
D:1:      lemuel_arrival_lava_pool, minmay_gold_behind_fungi
D:2:      grunt_temple_overflow_order_and_chaos_2, first_bread,
          minmay_misc_feat_rows, minmay_splitting_lines
D:3:      kennysheep_the_goblin_king, old_standard_altar, serial_glass,
          glass_columns_c, glass_columns_c, uniq_robin
D:4:      sigmund_edmund_badplayer
D:5:      grunt_temple_overflow_open
D:6:      lemuel_temple_firewalk_b, gup_sewer_entry_spiral, serial_shops,
          kennysheep_mini, nicolae_shop_stone, shop, mrwooster_statue_mirror
D:7:      lemuel_doored_altar
D:8:      cheibrodos_steamvent, nicolae_dithmenos_the_darkroom,
          uniq_prince_ribbit1
D:10:     kennysheep_orc_monster_closet_entryway, minivault_24,
          hangedman_little_slice_of_home, uniq_psyche, uniq_gastronok
D:11:     erik_lair_orcish_takeover, serial_shops,
          nicolae_shop_overgrown_old_shop, uniq_snorg
D:12:     basic_altar, portal_ice_cave_demonic_guard, uniq_harold, uniq_rupert,
          uniq_erolcha, uniq_nergalle, uniq_azrael
Temple:   oiseaux_autumnal_temple
Sewer:    sewer_minmay_w

Skill      XL: |  1  2  3  4  5  6  7  8  9 10 11 12 |
---------------+-------------------------------------+-----
Throwing       | 2 3 |  3.2
Dodging        | 3 4 5 6 8 9 |  9.0
Long Blades    | 4 5 6 7 8 10 11 12 | 12.1
Stealth        | 1 2 4 5 7 9 10 | 10.4
Evocations     | 2 5 7 |  7.4
Fighting       | 4 5 |  5.7

Action                   |  1- 3 |  4- 6 |  7- 9 | 10-12 || total
-------------------------+-------+-------+-------+-------++-------
Melee: Long sword        |    96 |   243 |   364 |   481 ||  1184
       Tailslap          |    17 |    27 |    86 |   113 ||   243
       Falchion          |       |       |    26 |    32 ||    58
Invok: Curse Item        |       |       |     1 |     3 ||     4
 Abil: Breathe Noxious F |       |       |    18 |    23 ||    41
Evoke: Wand              |       |       |    16 |    22 ||    38
  Use: Scroll            |       |     5 |    16 |     9 ||    30
       Potion            |       |     1 |     6 |     5 ||    12
 Stab: Sleeping          |     1 |     2 |    10 |    13 ||    26
       Confused          |       |       |     9 |    16 ||    25
       Distracted        |       |       |     2 |     1 ||     3
  Eat: Chunk             |       |     6 |    15 |    10 ||    31
       Meat ration       |       |     1 |     1 |     1 ||     3
       Fruit             |       |       |     1 |     1 ||     2
       Royal jelly       |       |       |       |     1 ||     1
Armor: Skin              |    24 |    74 |   112 |   134 ||   344
Dodge: Dodged            |    71 |   163 |   338 |   428 ||  1000
       Rpst.: Long sword |    18 |    43 |   108 |   117 ||   286
       Falchion          |       |       |     1 |     6 ||     7

Table legend:
 A = Spawn XP
 B = Non-spawn XP
 C = Spawn XP percentage of total XP
 D = Spawn monster count
 E = Non-spawn monster count
 F = Spawn count percentage of total count
 G = Total turns spent on level
                    A         B        C        D         E        F      G
               +---------+---------+-------+---------+---------+-------+---------
         Total |       0 |   27009 |   0.0 |       0 |     407 |   0.0 | 12948
               +---------+---------+-------+---------+---------+-------+---------
           D:1 |       0 |      40 |   0.0 |       0 |      24 |   0.0 |   732
           D:2 |       0 |      73 |   0.0 |       0 |      15 |   0.0 |   700
           D:3 |       0 |     306 |   0.0 |       0 |      48 |   0.0 |  1375
           D:4 |       0 |     958 |   0.0 |       0 |      21 |   0.0 |  1465
           D:5 |       0 |    1050 |   0.0 |       0 |      26 |   0.0 |   859
           D:6 |       0 |     672 |   0.0 |       0 |      25 |   0.0 |   995
           D:7 |       0 |     717 |   0.0 |       0 |      20 |   0.0 |  1053
           D:8 |       0 |    2261 |   0.0 |       0 |      20 |   0.0 |   931
           D:9 |       0 |    8272 |   0.0 |       0 |      51 |   0.0 |  1902
          D:10 |       0 |    6004 |   0.0 |       0 |      50 |   0.0 |  1089
          D:11 |       0 |    5237 |   0.0 |       0 |      45 |   0.0 |   893
          D:12 |       0 |    1120 |   0.0 |       0 |      14 |   0.0 |   105
         Sewer |       0 |     299 |   0.0 |       0 |      48 |   0.0 |   592
               +---------+---------+-------+---------+---------+-------+---------
